 Dungeon Crawl Stone Soup version 0.31-a0-986-g5e6e4ef867 (webtiles) character file.

Game seed: 7262869587719503704

1698 Zonian the Magician (level 8, -2/36 HPs)
             Began as a Deep Elf Conjurer on Nov 11, 2023.
             Was a Believer of Hepliaklqana.
             Shot with an arrow by a centaur (15 damage)
             ... on level 8 of the Dungeon.
             The game lasted 00:22:54 (10056 turns).

Zonian the Magician (Deep Elf Conjurer)            Turns: 10056, Time: 00:22:55

Health: -2/36      AC:  4    Str:  8    XL:     8   Next: 72%
Magic:  17/20      EV: 13    Int: 26    God:    Hepliaklqana [**....]
Gold:   264        SH:  0    Dex: 13    Spells: 5/21 levels left

rFire   + . .        q - +10 short sword "Fyutu" {heavy, *Noise rN+ Str+4, short}
rCold   . . .        (no shield)
rNeg    + + .        c - +0 leather armour
rPois   .            (no helmet)
rElec   .            (no cloak)
rCorr   .            (no gloves)
SInv    .            n - +0 pair of boots
Will    .....        (no amulet)
Stlth   ++           d - ring of protection from fire
HPRegen 0.26/turn    w - ring of positive energy
MPRegen 0.17/turn

%: no passive effects
@: very slow
A: reduced essence
a: Renounce Religion, Recall Ancestor, Ancestor Identity


You were on level 8 of the Dungeon.
You worshipped Hepliaklqana.
Hepliaklqana was pleased with you.
You visited 2 branches of the dungeon, and saw 9 of its levels.

You collected 264 gold pieces.


   Skills:
 + Level 6.4 Dodging
 - Level 7.0 Stealth
 + Level 7.2 Spellcasting
 + Level 7.1 Conjurations
 + Level 5.9 Hexes
 + Level 0.7 Translocations


You had 5 spell levels left.
You knew the following spells:

 Your Spells              Type           Power      Damage    Failure   Level
a - Magic Dart            Conj           100%       1d8       1%          1
b - Searing Ray           Conj           92%        2d7       1%          2
c - Dazzling Flash        Conj/Hex       86%        N/A       1%          3
d - Iskenderun's Mystic   Conj/Tloc      29%        2d7       17%         4
e - Ensorcelled Hibernat  Hex/Ice        48%        N/A       4%          2
f - Fulminant Prism       Conj/Hex       21%        3d12      6%          4

Your spell library contained the following spells:

 Spells                   Type           Power      Damage    Failure   Level
 Jinxbite                 Hex            80%        N/A       1%          2
 Sublimation of Blood     Necr           9%         N/A       14%         2
 Wereblood                Tmut           9%         N/A       14%         2
 Anguish                  Hex/Necr       12%        N/A       26%         4
 Summon Hydra             Summ           4%         N/A       100%        7

Inventory:

Hand Weapons
 m - a +0 dagger {short}
   (You took it off a kobold on level 2 of the Dungeon)
 o - a +0 whip {mace}
   (You found it on level 2 of the Dungeon)
 q - the +10 short sword "Fyutu" (weapon) {heavy, *Noise rN+ Str+4, short}
   (You found it on level 4 of the Dungeon)

   Str+4:     It affects your strength (+4).
   rN+:       It protects you from negative energy.
   *Noise:    It may make a loud noise when swung.
 v - a +0 rapier {short}
   (You found it on level 5 of the Dungeon)
Missiles
 e - 7 javelins {throwing}
Armour
 a - a +0 robe
 c - a +0 leather armour (worn)
   (You found it on level 4 of the Dungeon)
 n - a +0 pair of boots (worn)
   (You found it on level 2 of the Dungeon)
 z - the +0 plate armour of Fasim {Dex+5 SInv}
   (You found it on level 7 of the Dungeon)

   Dex+5:     It affects your dexterity (+5).
   SInv:      It lets you see invisible.
Jewellery
 d - a ring of protection from fire (left hand)
   (You found it on level 1 of the Dungeon)
 f - a ring of protection from fire
   (You found it on level 1 of the Dungeon)
 w - a ring of positive energy (right hand)
   (You found it on level 5 of the Dungeon)
Wands
 l - a wand of paralysis (10)
   (You found it on level 5 of the Dungeon)
 r - a wand of flame (22)
   (You took it off Blork the orc on level 4 of the Dungeon)
 t - a wand of light (12)
   (You found it on level 4 of the Dungeon)
 u - a wand of mindburst (8)
   (You found it on level 4 of the Dungeon)
Scrolls
 g - 4 scrolls of teleportation {@r4}
 y - a scroll of vulnerability {!r!r}
 A - 3 scrolls of identify {@r1}
Potions
 b - 2 potions of invisibility
 h - 3 potions of attraction {!q}
 j - a potion of lignification {!q}
 k - 2 potions of mutation {!q}
 p - 2 potions of enlightenment
 s - a potion of berserk rage {!q}
 x - a potion of curing {@q1}

Dungeon Overview and Level Annotations

Branches:
Dungeon (8/15) Zot: 26802  Temple (1/1) D:4 Zot: 5879
   Lair: D:8-11

Altars:
Ashenzari
Cheibriados
Dithmenos
Elyvilon
Fedhas
Gozag
Hepliaklqana
Makhleb
Okawaru
Qazlal
Ru
Sif Muna
Trog
Uskayaw
Vehumet
Wu Jian
Xom
Yredelemnul
Zin
The Shining One

Shops:
D:4

( .. ##.# ...
######.######
♣♣....♣.♣....♣♣
♣.≈≈≈≈~≈~≈≈≈≈.♣#
.≈≈≈≈~≈~≈@≈≈≈≈.#
♣.≈≈≈≈c≈RF≈≈≈.♣#
♣....♣.♣....♣♣
##### ♣.♣#####
♣♣.♣♣ ♣♣.♣♣
#♣...♣#♣...♣#
#.....#.....#
#..%..#♣...♣#
#.))..#♣♣.♣♣


You could see the friendly Slatibartfast the knight, a bullfrog (blind) and a
centaur (blind).


Message History

Slatibartfast barely misses the kobold brigand.
The kobold brigand closely misses Slatibartfast. 😎 MP[-1]
You lost 1 mp, and now have 15/20 mp.
Unknown command.
Casting: Searing Ray (safe; 1% risk of failure)
Confirm with . or Enter, or press ? or * to list all spells.
Aiming: Searing Ray (safe; 1% risk of failure)
Press: ? - help, Shift-Dir - straight line, f/p - kobold brigand
Aim: a kobold brigand, wielding a +0 whip and quivering poisoned darts (severely wounded, ally target, 77% to hit)
Slatibartfast avoids your attack.
The searing ray hits the kobold brigand. (Press . to maintain the ray.) Slatibartfast barely misses the kobold brigand.
The kobold brigand hits Slatibartfast but does no damage. 😎 MP[-2]
You lost 2 mp, and now have 13/20 mp.
Unknown command.
Slatibartfast avoids your attack.
The searing ray misses the kobold brigand.
Slatibartfast blocks the kobold brigand's attack.
Unknown command.
Slatibartfast avoids your attack.
The searing ray misses the kobold brigand.
Slatibartfast hits the kobold brigand with a +0 flail!
The kobold brigand dies!
Your Stealth skill increases to level 7! 😎 MP[-1]
You lost 1 mp, and now have 12/20 mp.
Unknown command.
You start resting. 😎 MP[+8]
Your mp is fully restored (20).
You start waiting.
Done waiting.
Unknown command.
You swap places.
Things that are here:
a +0 whip {mace}; 3 poisoned darts {throwing}; a kobold corpse Unknown command.
You see here a +0 whip {mace}.
A centaur comes into view.
Unknown command.
A steam dragon comes into view.
The steam dragon hisses angrily.
You hear a shout!
The centaur shouts!
The centaur wields a +0 shortbow.
The centaur shoots an arrow.
The arrow hits you!
A black bear comes into view.
A manticore comes into view.
The steam dragon breathes steam at you. The ball of steam hits you. You resist.
The steam dragon moves out of view.
The black bear moves out of view.
The manticore moves out of view.
You hear a horrible gurgling sound!
You hear an angry hiss.
You hear a shout! 😮 HP[-12]
You take 12 damage, and now have 24/36 hp.
MASSIVE DAMAGE!! (PAUSE)
You swap places.
You hear a roar!
You see here a +0 whip {mace}.
Things that are here:
a +0 whip {mace}; 3 poisoned darts {throwing}; a kobold corpse 😮 HP[+1] 😮 HP[+1]
There is an open door here. 😮 HP[+1]
You open the door.
Unknown command.
There is an open door here. 😕 HP[+1]
You swap places.
You close the door.
Unknown command.
You swap places. 😕 HP[+1] 😕 HP[+1]
You enter the shallow water.
Moving in this stuff is going to be slow.
A centaur and a bullfrog come into view.
The bullfrog gives a loud, deep croak!
The bullfrog hits you but does no damage.
The bullfrog misses you.
The centaur wields a +0 orcbow.
The centaur shoots an arrow.
The arrow hits you!
* * * LOW HITPOINT WARNING * * *
The bullfrog hits you but does no damage.
The centaur shoots an arrow.
The arrow completely misses you. The bullfrog hits you.
* * * LOW HITPOINT WARNING * * *
😨 HP[-18]
You take 18 damage, and now have 12/36 hp.
MASSIVE DAMAGE!! (PAUSE)
Okay, then.
Okay, then.
Okay, then.
Casting: Searing Ray (safe; 1% risk of failure)
Confirm with . or Enter, or press ? or * to list all spells.
Casting: Dazzling Flash (safe; 1% risk of failure)
Press: ? - help, Dir - look around, f - activate Slatibartfast avoids your attack.
The bullfrog is dazzled.
The centaur is dazzled.
The bullfrog barely misses you.
The centaur shoots an arrow.
The arrow hits you!
You die...

Skill      XL: |  1  2  3  4  5  6  7  8 |
---------------+-------------------------+-----
Stealth        | 3 4 5 6 7 |  7.0
Dodging        | 3 4 5 6 |  6.4
Spellcasting   | 4 5 6 7 |  7.2
Conjurations   | 5 6 7 |  7.1
Hexes          | 2 3 4 5 |  5.9
Translocations | |  0.7

Action                     |  1- 3 |  4- 6 |  7- 9 || total
---------------------------+-------+-------+-------++-------
  Melee: Unarmed           |    11 |       |       ||    11
         Short sword       |       |    12 |     8 ||    20
   Cast: Magic Dart        |    92 |   115 |   112 ||   319
         Searing Ray       |       |     1 |    19 ||    20
         Dazzling Flash    |       |       |     2 ||     2
 Invoke: Ancestor Life: Kn |       |       |     1 ||     1
         Ancestor Identity |       |       |     1 ||     1
    Use: Scroll            |       |    11 |     4 ||    15
         Potion            |       |     3 |     4 ||     7
   Stab: Sleeping          |       |     1 |     1 ||     2
         Invisible         |       |       |     1 ||     1
 Armour: Robe              |    17 |     1 |       ||    18
         Leather armour    |       |    10 |    39 ||    49
  Dodge: Dodged            |    16 |    18 |    32 ||    66

Levels and vault maps discovered:
D:1:      shiori_arrival_elements, layout_loops_ring,
          dilly_ecumenical_altar_fadedgnrine, nicolae_titane
D:2:      layout_basic
D:3:      layout_basic, mainiacjoe_overflow_catwalk,
          mainiacjoe_overflow_tiny_flanked, zin_academy, old_standard_altar,
          lemuel_tele_altar, kennysheep_nondescript, uniq_grinder
D:4:      layout_loops_cross, minmay_temple_entry_from_below_a, serial_shops,
          nicolae_shop_advertising_works [nicolae_subvault_shop_adworks],
          uniq_blork_the_orc
D:5:      layout_basic
D:6:      layout_basic
D:7:      layout_gridville, gammafunk_temple_overflow_claw,
          uniq_crazy_yiuf_cottage, uniq_prince_ribbit1
D:8:      nzn_winding_woodlands_stair_cross
          [nzn_winding_woodlands_5x15_river_crossing,
          nzn_winding_woodlands_center_lodge,
          nzn_winding_woodlands_5x15_sawtooth,
          nzn_winding_woodlands_5x5_default, nzn_winding_woodlands_5x5_three,
          nzn_winding_woodlands_5x15_parted,
          nzn_winding_woodlands_center_pierced_h,
          nzn_winding_woodlands_5x15_default], layout_basic,
          kiku_gazebo_pond_becter, minmay_holes, uniq_amaemon
Temple:   chequers_temple_sunken

Notes
Turn   | Place    | Note
-------+----------+-------------------------------------------
     0 | D:1      | Zonian the Deep Elf Conjurer began the quest for the Orb.
     0 | D:1      | Reached XP level 1. HP: 10/10 MP: 6/6
   288 | D:1      | Reached XP level 2. HP: 15/15 MP: 4/8
   415 | D:1      | Found a faded altar of an unknown god.
   743 | D:1      | Reached skill level 3 in Stealth
  1016 | D:1      | Reached XP level 3. HP: 19/19 MP: 8/10
  1174 | D:2      | Learned a level 2 spell: Searing Ray
  1189 | D:2      | Reached skill level 3 in Dodging
  1570 | D:2      | Learned a level 3 spell: Dazzling Flash
  1993 | D:2      | Reached skill level 4 in Spellcasting
  1993 | D:2      | Reached XP level 4. HP: 22/24 MP: 8/12
  2471 | D:3      | Noticed Grinder
  2530 | D:3      | Reached skill level 5 in Conjurations
  2531 | D:3      | Reached skill level 1 in Hexes
  3030 | D:3      | Found an ornate altar of the Wu Jian Council.
  3854 | D:3      | Found a hide-covered altar of Uskayaw.
  3886 | D:3      | Paralysed by Grinder for 2 turns
  3916 | D:3      | Killed Grinder
  3917 | D:3      | Reached skill level 4 in Dodging
  3917 | D:3      | Reached skill level 4 in Stealth
  3917 | D:3      | Reached skill level 2 in Hexes
  3917 | D:3      | Reached XP level 5. HP: 28/28 MP: 10/14
  3917 | D:3      | Reached XP level 6. HP: 32/32 MP: 10/15
  4027 | D:3      | Found a glowing silver altar of Zin.
  4090 | D:3      | Found a white marble altar of Elyvilon.
  4327 | D:3      | Found a blossoming altar of Fedhas.
  4696 | D:4      | Reached skill level 5 in Spellcasting
  5015 | D:4      | Identified the +10 short sword "Fyutu" {heavy, *Noise rN+
                  | Str+4}
  5078 | D:4      | Noticed Blork the orc
  5080 | D:4      | Reached skill level 3 in Hexes
  5318 | D:4      | Killed Blork the orc
  5397 | D:4      | Found a staircase to the Ecumenical Temple.
  5447 | D:4      | Found Vuos's Weapon Shop.
  5480 | D:4      | Reached skill level 5 in Stealth
  5567 | D:4      | Reached XP level 7. HP: 32/36 MP: 11/17
  5907 | D:5      | Entered Level 5 of the Dungeon
  6132 | D:5      | Reached skill level 6 in Conjurations
  6297 | D:5      | Reached skill level 5 in Dodging
  6297 | D:5      | Reached skill level 4 in Hexes
  6649 | Temple   | Entered the Ecumenical Temple
  6738 | Temple   | Became a worshipper of Hepliaklqana the Forgotten
  7612 | D:6      | Reached skill level 6 in Spellcasting
  7800 | D:6      | Reached skill level 6 in Stealth
  7800 | D:6      | Reached XP level 8. HP: 6/41 MP: 12/19
  8198 | D:6      | Reached skill level 5 in Hexes
  8608 | D:6      | magus.rc [v1.9.6]
  8616 | D:7      | Reached * piety under Hepliaklqana
  8722 | D:7      | Identified the +0 plate armour of Fasim {Dex+5 SInv}
  8784 | D:7      | Reached skill level 6 in Dodging
  8956 | D:7      | Found a stormy altar of Qazlal.
  8956 | D:7      | Found an opulent altar of Gozag.
  8956 | D:7      | Found a broken altar of Ashenzari.
  9184 | D:7      | Noticed a hornet
  9258 | D:7      | Reached skill level 7 in Spellcasting
  9258 | D:7      | Reached skill level 7 in Conjurations
  9278 | D:7      | Learned a level 4 spell: Iskenderun's Mystic Blast
  9341 | D:7      | You pick up a book of Dreams and begin reading...
  9341 | D:7      | You add the spells Jinxbite, Ensorcelled Hibernation and
                  | Anguish to your library.
  9345 | D:7      | Learned a level 2 spell: Ensorcelled Hibernation
  9350 | D:7      | Learned a level 4 spell: Fulminant Prism
  9512 | D:7      | Reached ** piety under Hepliaklqana
  9513 | D:7      | Remembered your ancestor Slatibartfast as a knight
  9878 | D:8      | Reached skill level 7 in Stealth
 10030 | D:8      | Noticed a manticore
 10056 | D:8      | Shot with an arrow by a centaur

Vanquished Creatures
  Grinder (D:3)
  3 ice beasts
  An ogre (D:6)
  A centaur (D:7)
  A phantom (D:6)
  Blork the orc (D:4)
  3 scorpions (D:5)
  5 hounds
  An orc priest (D:6)
  An iguana (D:6)
  2 orc wizards
  4 gnolls (D:4)
  8 adders
  A white imp (D:7)
  3 ufetubi
  3 worms
  3 dart slugs
  37 orcs
  A bat (D:2)
  8 endoplasms
  4 giant cockroaches
  6 hobgoblins
  10 jackals
  4 quokkas
  5 ball pythons
  3 frilled lizards
  4 goblins
  7 kobolds
  5 rats
136 creatures vanquished.

Vanquished Creatures (collateral kills)
  A kobold brigand (D:8)
  A bullfrog (D:7)
  A hound (D:7)
  An orc wizard (D:7)
  An ufetubus (D:7)
  3 orcs (D:7)
8 creatures vanquished.

Vanquished Creatures (others)
  An ancestor (D:7)
1 creature vanquished.

Grand Total: 145 creatures vanquished

Table legend:
 A = Non-vault XP
 B = Vault XP
 C = Vault XP percentage of total XP
 D = Non-vault monster count
 E = Vault monster count
 F = Vault count percentage of total count
                 A         B        C        D         E       F
            +---------+---------+-------+---------+---------+-------
      Total |    1966 |     461 |  19.0 |     140 |       4 |   2.8
            +---------+---------+-------+---------+---------+-------
        D:1 |      42 |       0 |   0.0 |      24 |       0 |   0.0
        D:2 |      84 |       0 |   0.0 |      19 |       0 |   0.0
        D:3 |      82 |     258 |  75.9 |      25 |       1 |   3.8
        D:4 |     273 |     103 |  27.4 |      24 |       1 |   4.0
        D:5 |     358 |       0 |   0.0 |      17 |       0 |   0.0
        D:6 |     617 |       0 |   0.0 |      10 |       0 |   0.0
        D:7 |     510 |       0 |   0.0 |      21 |       0 |   0.0
        D:8 |       0 |     100 | 100.0 |       0 |       2 | 100.0
            +---------+---------+-------+---------+---------+-------

Skill      XL: |  1  2  3  4  5  6  7  8 |
---------------+-------------------------+-----
Stealth        | 3 4 5 6 7 |  7.0
Dodging        | 3 4 5 6 |  6.4
Spellcasting   | 4 5 6 7 |  7.2
Conjurations   | 5 6 7 |  7.1
Hexes          | 2 3 4 5 |  5.9
Translocations | |  0.7

Action                     |  1- 3 |  4- 6 |  7- 9 || total
---------------------------+-------+-------+-------++-------
  Melee: Unarmed           |    11 |       |       ||    11
         Short sword       |       |    12 |     8 ||    20
   Cast: Magic Dart        |    92 |   115 |   112 ||   319
         Searing Ray       |       |     1 |    19 ||    20
         Dazzling Flash    |       |       |     2 ||     2
 Invoke: Ancestor Life: Kn |       |       |     1 ||     1
         Ancestor Identity |       |       |     1 ||     1
    Use: Scroll            |       |    11 |     4 ||    15
         Potion            |       |     3 |     4 ||     7
   Stab: Sleeping          |       |     1 |     1 ||     2
         Invisible         |       |       |     1 ||     1
 Armour: Robe              |    17 |     1 |       ||    18
         Leather armour    |       |    10 |    39 ||    49
  Dodge: Dodged            |    16 |    18 |    32 ||    66

Illustrated notes

Table legend:
 A = Kills in this place as a percentage of kills in the entire game.
 B = Kills by you in this place as a percentage of kills by you in the entire game.
 C = Kills by friends in this place as a percentage of kills by friends in the entire game.
 D = Other kills in this place as a percentage of other kills in the entire game.
 E = Experience gained in this place as a percentage of experience gained in the entire game.
 F = Experience gained in this place divided by the number of levels of this place that you have seen.
                   A       B       C       D       E      F
               +-------+-------+-------+-------+-------+----------------------
         Total | 100.0 | 100.0 | 100.0 |   N/A | 100.0 | 269.7
       Dungeon | 100.0 | 100.0 | 100.0 |   N/A | 100.0 | 303.4
               +-------+-------+-------+-------+-------+----------------------

Table legend: (Time is in decaauts)
 A = Elapsed time spent in this place.
 B = Non-inter-level travel time spent in this place.
 C = Inter-level travel time spent in this place.
 D = Time resting spent in this place.
 E = Time spent auto-exploring this place.
 F = Levels seen in this place.
 G = Mean time per level.
                   A        B        C        D        E       F      G
               +--------+--------+--------+--------+--------+-----+--------+
         Total |  10071 |   9906 |    165 |   3453 |   5033 |   9 | 1119.0 |
       Dungeon |   9951 |   9800 |    151 |   3453 |   5033 |   8 | 1243.9 |
        Temple |    120 |    106 |     14 |      0 |      0 |   1 |  120.0 |
               +--------+--------+--------+--------+--------+-----+--------+

Top non-repeatable levels by time:
     D:3: 1777 daAuts
     D:2: 1678 daAuts
     D:5: 1570 daAuts
     D:4: 1311 daAuts
     D:7: 1225 daAuts
     D:1: 1169 daAuts
     D:6: 1023 daAuts
     D:8: 196 daAuts
  Temple: 120 daAuts
